 Dungeon Sprint DCSS version 0.22.1-2-g9c5b331383 (webtiles) character file.

42114 Groucho the Brawler (level 13, 0/137 HPs)
             Began as a Troll Monk on Dec 10, 2018.
             Was a High Priest of Cheibriados.
             Killed from afar by a fire giant (39 damage)
             ... with a bolt of fire
             ... in the Dungeon (Sprint IX: "|||||||||||||||||||||||||||||") on Dec 11, 2018.
             The game lasted 00:14:19 (4461 turns).

Groucho the Brawler (Troll Monk)                    Turns: 4461, Time: 00:14:19

Health: 0/137      AC: 19    Str: 39    XL:     13   Next: 83%
Magic:  0/23       EV: 26    Int: 20    God:    Cheibriados [*****.]
Gold:   820        SH:  0    Dex: 30    Spells: 12/12 levels left

rFire    . . .     SeeInvis .     - Unarmed
rCold    . . .     Gourm    +   (no shield)
rNeg     . . .     Faith    .   D - +0 swamp dragon scales
rPois    +         Spirit   +   (helmet restricted)
rElec    .         Reflect  .   C - scarf {Spirit}
rCorr    .         Harm     .   (gloves unavailable)
MR       .....     NoTele   +   (boots unavailable)
Stlth    ++........             (no amulet)
HPRegen  0.72/turn              m - +3 ring of strength
MPRegen  0.18/turn              w - +5 ring of protection

@: very slow
A: large, unfitting armour, claws 3, fast metabolism 3, gourmand, regeneration
1, shaggy fur 1, tough skin 2
a: Bend Time, Temporal Distortion, Slouch, Step From Time, Renounce Religion


You were in the Dungeon.
You worshipped Cheibriados.
Cheibriados was extremely pleased with you.
You were not hungry.

You visited 1 branch You collected 1900 gold pieces.
You spent 1080 gold pieces at shops.

Inventory:

Missiles
 a - 6 large rocks (quivered)
Armour
 s - a +2 robe of cold resistance
 v - +0 storm dragon scales
 C - a scarf of spirit shield (worn)
 D - +0 swamp dragon scales (worn)
Jewellery
 m - a +3 ring of strength (left claw)
 n - a +2 ring of protection
 t - an uncursed ring of poison resistance
 u - an uncursed ring of see invisible
 w - a +5 ring of protection (right claw)
 x - an uncursed ring of positive energy
 y - an uncursed ring of ice
 z - an uncursed ring of ice
 A - an uncursed ring of protection from fire
 B - a +2 ring of protection
Wands
 l - a wand of acid (10)
Scrolls
 h - 2 scrolls of blinking
 j - 3 scrolls of remove curse
 k - 3 scrolls of amnesia
 o - 3 scrolls of fog
 p - 4 scrolls of enchant weapon
 q - 4 scrolls of enchant armour
 r - a scroll of identify
Potions
 c - 7 potions of curing
 d - 2 potions of heal wounds
 e - 3 potions of haste
 f - 4 potions of magic
 g - a potion of berserk rage
 i - a potion of might
 E - 2 potions of agility
Comestibles
 b - 11 rations


   Skills:
 - Level 11.0 Fighting
 - Level 3.5 Throwing
 * Level 14.1 Armour
 * Level 16.5 Dodging
 - Level 1.0 Stealth
 + Level 18.5 Unarmed Combat
 - Level 14.6 Invocations


You had 12 spell levels left.
You didn't know any spells.
Your spell library was empty.

Dungeon Overview and Level Annotations

Branches:
Dungeon (1/1)

Altars:
Cheibriados
Dithmenos
Elyvilon
Fedhas
Gozag
Hepliaklqana
Kikubaaqudgha
Makhleb
Nemelex Xobeh
Okawaru
Qazlal
Ru
Sif Muna
Trog
Uskayaw
Vehumet
Wu Jian
Xom
Yredelemnul
Zin
The Shining One
Beogh
Jiyva
Lugonu

Shops:
D %=%(


Innate Abilities, Weirdness & Mutations

You are too large for most types of armour.
You have claws for hands.
Your metabolism is lightning-fast.
You like to eat raw meat.
Your natural rate of healing is unusually fast.
You are covered in fur. (AC +1)
You have very tough skin. (AC +2)


Message History

* * * LOW HITPOINT WARNING * * *
You feel much better.
Unknown command.
You feel much better.
The fire giant hits you with a great sword of flaming!
The fire giant burns you.
* * * LOW HITPOINT WARNING * * *
The hell knight casts a spell.
The hell knight blinks!
Unknown command.
You feel much better.
The fire giant hits you with a great sword of flaming!!
* * * LOW HITPOINT WARNING * * *
The fire giant burns you!
* * * LOW HITPOINT WARNING * * *
Unknown command.
You feel much better.
The fire giant points at you and mumbles some strange words.
The bolt of fire hits you!
You die...

▓.▓)▓.▓[▓.▓'▓.▓.
▓p▓.▓.▓.▓[▓.▓.▓.▓.
▓.▓.▓'▓.▓[▓.▓.▓.▓.
▓.▓.♣.♣.▓[▓.▓.▓.▓.
▓C▓.♣.♣.▓.▓.▓.▓.▓.
▓G▓.♣.♣.▓)▓.▓.▓.▓÷
▓D▓.♣.♣.▓)▓.▓.▓.▓÷
▓C▓.♣(♣.▓)▓.▓)▓.▓.
▓@▓.♣.♣.▓)▓.▓)▓.▓÷
▓)▓.♣.♣.▓)▓.▓)▓.▓.
▓'▓.♣.♣.▓)▓.▓)▓.▓÷
▓.▓.♣.♣.▓)▓.▓)▓.▓.
▓.▓.♣'♣.▓)▓.▓)▓.▓.
▓.▓.▓.▓.▓.▓.▓.▓.▓[
▓.▓.▓.▓.▓.▓.▓)▓.▓.
▓.▓.▓.▓.▓.▓.▓.▓.▓.
▓.▓.▓.▓.▓.▓.▓.▓.▓.


You could see a fire giant, an ice dragon, a stone giant, a great orb of eyes
and a hell knight.

Vanquished Creatures
  A lich (D)
  2 fire giants (D)
  Aizul (D)
  2 stone giants (D)
  A spark wasp (D)
  A merfolk javelineer (D)
  A great orb of eyes (D)
  An ettin (D)
  A yaktaur captain (D)
  Erolcha (D)
  A hydra (D)
  4 ogre magi (D)
  An anaconda (D)
  A centaur warrior (D)
  5 two-headed ogres (D)
  2 orc high priests (D)
  A deep troll earth mage (D)
  A tengu warrior (D)
  A shock serpent (D)
  Nergalle (D)
  A salamander mystic (D)
  A sea snake (D)
  3 naga ritualists (D)
  A lindwurm (D)
  2 orc knights (D)
  A necromancer (D)
  2 wolf spiders (D)
  An ugly thing (D)
  A cyclops (D)
  An orb spider (D)
  2 manticores (D)
  2 black mambas (D)
  2 water nymphs (D)
  A torpor snail (D)
  8 spiny frogs (D)
  A komodo dragon (D)
  A demonic crawler (D)
  A kobold demonologist (D)
  A yaktaur (D)
  A troll (D)
  A wind drake (D)
  3 hornets (D)
  5 tyrant leeches (D)
  2 slime creatures (D)
  3 hippogriffs (D)
  A snapping turtle (D)
  A yak (D)
  2 tarantellas (D)
  A redback (D)
  A water elemental (D)
  A vampire mosquito (D)
  A naga (D)
  A water moccasin (D)
  7 orc warriors (D)
  3 porcupines (D)
  A swamp drake (D)
  An ice beast (D)
  A necrophage (D)
  4 ogres (D)
  4 crocodiles (D)
  A centaur (D)
  A bullfrog (D)
  2 scorpions (D)
  2 hounds (D)
  5 orc wizards (D)
  5 orc priests (D)
  A worker ant (D)
  3 worms (D)
  8 orcs (D)
  A bat skeleton (D)
  2 jackals (D)
  A kobold (D)
  2 bats (D)
  A frilled lizard (D)
  A quokka zombie (D)
  A rat (D)
145 creatures vanquished.

Vanquished Creatures (others)
  A centaur warrior (D)
1 creature vanquished.

Grand Total: 146 creatures vanquished

Notes
Turn   | Place    | Note
-------+----------+-------------------------------------------
     0 | D        | Groucho the Troll Monk began the quest for the Orb.
     0 | D        | Reached XP level 1. HP: 22/22 MP: 0/0
    12 | D        | Reached skill level 4 in Unarmed Combat
    21 | D        | Noticed a hound
    21 | D        | Noticed an orc wizard
    21 | D        | Noticed a scorpion
    31 | D        | Killed a scorpion
    31 | D        | Reached skill level 8 in Unarmed Combat
    31 | D        | Reached XP level 2. HP: 9/29 MP: 1/1
    31 | D        | Reached XP level 3. HP: 11/36 MP: 2/2
    35 | D        | Reached skill level 9 in Unarmed Combat
    35 | D        | Reached XP level 4. HP: 16/44 MP: 3/3
   381 | D        | Found a roughly hewn altar of Beogh.
   381 | D        | Found a snail-covered altar of Cheibriados.
   381 | D        | Found a shadowy altar of Dithmenos.
   381 | D        | Found a white marble altar of Elyvilon.
   381 | D        | Found a blossoming altar of Fedhas.
   381 | D        | Found an opulent altar of Gozag.
   382 | D        | Found a hazy altar of Hepliaklqana.
   383 | D        | Found a viscous altar of Jiyva.
   384 | D        | Found an ancient bone altar of Kikubaaqudgha.
   385 | D        | Became a worshipper of Cheibriados the Contemplative
   385 | D        | Reached * piety under Cheibriados
   385 | D        | Reached ** piety under Cheibriados
   386 | D        | Found a corrupted altar of Lugonu.
   387 | D        | Found a burning altar of Makhleb.
   388 | D        | Found a sparkling altar of Nemelex Xobeh.
   389 | D        | Found an iron altar of Okawaru.
   390 | D        | Found a stormy altar of Qazlal.
   391 | D        | Found a sacrificial altar of Ru.
   392 | D        | Found a deep blue altar of Sif Muna.
   393 | D        | Found a bloodstained altar of Trog.
   394 | D        | Found a hide-covered altar of Uskayaw.
   395 | D        | Found a radiant altar of Vehumet.
   396 | D        | Found an ornate altar of the Wu Jian Council.
   397 | D        | Found a shimmering altar of Xom.
   398 | D        | Found a basalt altar of Yredelemnul.
   399 | D        | Found a glowing silver altar of Zin.
   400 | D        | Found a glowing golden altar of the Shining One.
   427 | D        | Noticed an ice beast
   429 | D        | Reached skill level 10 in Unarmed Combat
   429 | D        | Reached XP level 5. HP: 50/50 MP: 3/5
   433 | D        | Killed an ice beast
   433 | D        | Reached skill level 11 in Unarmed Combat
   435 | D        | Reached *** piety under Cheibriados
   441 | D        | Reached **** piety under Cheibriados
   444 | D        | Noticed a centaur warrior
   444 | D        | Noticed a centaur warrior
   444 | D        | Noticed a kobold demonologist
   447 | D        | Killed a kobold demonologist
   447 | D        | Reached skill level 12 in Unarmed Combat
   447 | D        | Reached XP level 6. HP: 59/59 MP: 5/10
   449 | D        | Killed a centaur warrior
   449 | D        | Reached skill level 13 in Unarmed Combat
   449 | D        | Reached XP level 7. HP: 66/66 MP: 5/13
   449 | D        | Reached XP level 8. HP: 74/74 MP: 5/14
   453 | D        | Killed a centaur warrior
   453 | D        | Reached skill level 14 in Unarmed Combat
   455 | D        | Reached ***** piety under Cheibriados
   455 | D        | Reached skill level 15 in Unarmed Combat
   752 | D        | Noticed a spiny frog
   752 | D        | Noticed a spiny frog
   754 | D        | Noticed a komodo dragon
   759 | D        | Noticed a spiny frog
   759 | D        | Reached XP level 9. HP: 38/81 MP: 5/16
   759 | D        | Killed a spiny frog
   759 | D        | Reached skill level 5 in Fighting
   760 | D        | Killed a spiny frog
   768 | D        | Killed a komodo dragon
   768 | D        | Reached ****** piety under Cheibriados
   770 | D        | Killed a spiny frog
   985 | D        | Noticed a spiny frog
   985 | D        | Noticed a spiny frog
   990 | D        | Killed a spiny frog
   995 | D        | Reached skill level 10 in Fighting
   995 | D        | Reached XP level 10. HP: 83/110 MP: 17/17
   997 | D        | Killed a spiny frog
   997 | D        | Reached skill level 5 in Dodging
  1324 | D        | Noticed a lindwurm
  1329 | D        | Killed a lindwurm
  1440 | D        | Noticed Erolcha
  1445 | D        | Killed Erolcha
  1445 | D        | Reached skill level 10 in Dodging
  1513 | D        | Reached skill level 1 in Armour
  1593 | D        | Noticed an orc high priest
  1593 | D        | Noticed an orc high priest
  1594 | D        | Noticed an orc knight
  1597 | D        | Noticed an orc knight
  1598 | D        | Killed an orc high priest
  1598 | D        | Reached skill level 5 in Armour
  1598 | D        | Reached XP level 11. HP: 110/117 MP: 18/18
  1605 | D        | Killed an orc high priest
  1611 | D        | Killed an orc knight
  1614 | D        | Killed an orc knight
  1945 | D        | Found Halipsamm's Weapon Boutique.
  1945 | D        | Noticed a two-headed ogre
  1945 | D        | Noticed an ogre mage
  1945 | D        | Noticed an ogre mage
  1945 | D        | Noticed a two-headed ogre
  1945 | D        | Noticed a two-headed ogre
  1947 | D        | Killed a two-headed ogre
  1948 | D        | Noticed a two-headed ogre
  1954 | D        | Killed an ogre mage
  1954 | D        | Reached skill level 1 in Throwing
  1957 | D        | Killed an ogre mage
  1962 | D        | Killed a two-headed ogre
  1963 | D        | Found Kerhiefy's Food Shop.
  1969 | D        | Killed a two-headed ogre
  1973 | D        | Killed a two-headed ogre
  2226 | D        | Found Kaokk's Jewellery Boutique.
  2229 | D        | Found Eliwkew's Food Shop.
  2231 | D        | Noticed an ogre mage
  2232 | D        | Noticed an ogre mage
  2234 | D        | Noticed a two-headed ogre
  2239 | D        | Killed an ogre mage
  2244 | D        | Killed an ogre mage
  2248 | D        | Killed a two-headed ogre
  2248 | D        | Reached skill level 16 in Unarmed Combat
  2248 | D        | Reached XP level 12. HP: 105/130 MP: 21/21
  2289 | D        | Bought an uncursed ring of see invisible for 180 gold
                  | pieces
  2289 | D        | Bought a +5 ring of protection for 660 gold pieces
  2289 | D        | Bought an uncursed ring of positive energy for 240 gold
                  | pieces
  2522 | D        | Noticed an ettin
  2525 | D        | Noticed a fire giant
  2529 | D        | Noticed a lich
  2529 | D        | Noticed a stone giant
  2537 | D        | Killed a fire giant
  2540 | D        | Killed a lich
  2546 | D        | Killed a stone giant
  2550 | D        | Killed an ettin
  2551 | D        | Noticed a tengu warrior
  2566 | D        | Killed a tengu warrior
  2566 | D        | Reached skill level 10 in Armour
  2986 | D        | Noticed an eight-headed hydra
  3001 | D        | Killed a ten-headed hydra
  3001 | D        | Reached skill level 17 in Unarmed Combat
  3025 | D        | Noticed a merfolk javelineer
  3037 | D        | Reached XP level 13. HP: 104/137 MP: 8/23
  3043 | D        | Killed a merfolk javelineer
  3368 | D        | Paralysed by a hornet for 2 turns
  3375 | D        | Paralysed by a hornet for 1 turns
  3768 | D        | Reached skill level 15 in Dodging
  3799 | D        | Reached skill level 18 in Unarmed Combat
  4369 | D        | Noticed Nergalle
  4372 | D        | Noticed Aizul
  4378 | D        | Killed Nergalle
  4386 | D        | Killed Aizul
  4436 | D        | Noticed a fire giant
  4436 | D        | Noticed a spark wasp
  4436 | D        | Noticed a stone giant
  4442 | D        | Noticed a fire giant
  4444 | D        | Killed a spark wasp
  4449 | D        | Killed a stone giant
  4452 | D        | Killed a fire giant
  4457 | D        | Noticed a stone giant
  4461 | D        | Killed from afar by a fire giant

Skill      XL: |  1  2  3  4  5  6  7  8  9 10 11 12 13 |
---------------+----------------------------------------+-----
Unarmed Combat | 8 9 10 12 13 15 16 17 18 | 18.5
Invocations    | 2 7 9 11 14 | 14.6
Fighting       | 3 10 11 | 11.0
Dodging        | 4 10 11 14 16 | 16.5
Armour         | 5 6 11 14 | 14.1
Throwing       | 3 |  3.5
Stealth        | |  1.0

Action                   |  1- 3 |  4- 6 |  7- 9 | 10-12 | 13-15 || total
-------------------------+-------+-------+-------+-------+-------++-------
Melee: Unarmed           |    24 |    18 |    28 |   213 |    82 ||   365
       Punch             |       |     2 |     6 |    34 |    11 ||    53
Invok: Bend Time         |       |       |     2 |     1 |       ||     3
       Temporal Distorti |       |       |     1 |       |       ||     1
       Slouch            |       |       |     1 |     3 |     9 ||    13
  Use: Potion            |       |     1 |     3 |     2 |     5 ||    11
       Scroll            |       |       |       |       |     1 ||     1
 Stab: Sleeping          |     1 |     2 |       |     1 |       ||     4
       Invisible         |       |     4 |     2 |       |       ||     6
  Eat: Ration            |       |     1 |       |       |       ||     1
       Chunk             |       |       |     9 |     5 |     8 ||    22
Armor: Robe              |     8 |     3 |     8 |    12 |       ||    31
       Swamp dragon scal |       |       |       |    18 |    26 ||    44
Dodge: Dodged            |    12 |     9 |    13 |   145 |   104 ||   283
